 Dungeon Crawl Stone Soup version 0.20-a0-517-g5f97612 (webtiles) character file.

37 Duffy the Skirmisher (level 3, 0/20 HPs)
             Began as a Vine Stalker Fighter on Jan 25, 2017.
             Succumbed to an adder's poison
             ... on level 2 of the Dungeon.
             The game lasted 00:00:47 (1026 turns).

Duffy the Skirmisher (Vine Stalker Fighter)         Turns: 1026, Time: 00:00:48

Health: 0/20       AC:  6    Str: 19    XL:     3   Next: 39%
Magic:  2/4        EV:  7    Int:  8    God:
Gold:   55         SH:  9    Dex: 13    Spells: 2/2 levels left

rFire    . . .     SeeInvis .   a - +0 flail
rCold    . . .     Gourm    .   b - +0 scale mail
rNeg     . . .     Faith    .   c - +0 shield
rPois    .         Spirit   +   (no helmet)
rElec    .         Reflect  .   (no cloak)
rCorr    +         Harm     .   (no gloves)
MR       .....                  (no boots)
Stlth    ..........             (no amulet)
Regen    0.1/turn               (no ring)
                                k - ring of resist corrosion

@: lethally poisoned (0 -> -7)
A: fangs 2, magic shield, antimagic bite, no potion heal 3, rot immunity
a: no special abilities


You were on level 2 of the Dungeon.
You were hungry.

You visited 1 branch of the dungeon, and saw 2 of its levels.

You collected 55 gold pieces.

Inventory:

Hand Weapons
 a - a +0 flail (weapon)
Armour
 b - a +0 scale mail (worn)
 c - a +0 shield (worn)
Jewellery
 k - a ring of resist corrosion (left hand)
Scrolls
 e - a scroll of teleportation {unknown}
 h - 4 scrolls of enchant weapon {unknown}
 i - 2 scrolls of remove curse {unknown}
 j - a scroll of amnesia {unknown}
Potions
 d - 2 potions of might
Comestibles
 f - 2 bread rations
 g - a chunk of flesh


   Skills:
 + Level 3.2 Fighting
 * Level 2.8 Maces & Flails
 - Level 2.4 Armour
 - Level 2.6 Shields


You had 2 spell levels left.
You didn't know any spells.

Dungeon Overview and Level Annotations

Branches:
Dungeon (2/15)

Altars:


Innate Abilities, Weirdness & Mutations

You have extremely sharp teeth.
When hurt, damage is shared between your health and your magic reserves.
Your bite disrupts and absorbs the magic of your enemies.
Potions cannot restore your health.
You are immune to rotting.


Message History

The adder poisons you! The adder bites you but does no damage.
Your shield and scale mail prevent you from hitting the adder.
You bite the adder. You drain its power.
You feel invigorated.
The adder is heavily wounded.
You feel sick. The adder bites you. The adder bites you but does no damage.
You barely miss the adder.
The adder is heavily wounded.
You feel sick. The adder bites you. The adder completely misses you.
Okay, then.
Okay, then.
You miss the adder.
The adder is heavily wounded.
You feel sick. The adder barely misses you.
The adder bites you but does no damage.
You barely miss the adder. You bite the adder, but do no damage.
The adder is heavily wounded.
You feel sick. The adder bites you but does no damage.
You closely miss the adder.
The adder is heavily wounded.
You die...

#.# ~# .. #.# ~#
.# #.#.~###~ ...
##.#.~~~~~ #.#
#......... # #.#
#.$# #.##[###..#
#.#...##..#
#######.....@Sw.#
#.....###...##.##
####.###.#
##.###.#
#....<.#.####.#
#.#
#.##..........#
#.# #
#.........## #.#
##.######)# #.#
#.# #.# .# #.#
#.#


You could see an adder and a dart slug.

Vanquished Creatures
  An adder (D:1)
  An ooze (D:1)
  A dart slug (D:1)
  A leopard gecko (D:1)
  A giant cockroach (D:1)
  2 goblins (D:1)
  2 hobgoblins (D:1)
  2 ball pythons
  4 bats (D:1)
  A frilled lizard (D:1)
  4 kobolds
  3 rats
23 creatures vanquished.

Notes
Turn   | Place    | Note
-------+----------+-------------------------------------------
     0 | D:1      | Duffy the Vine Stalker Fighter began the quest for the Orb.
     0 | D:1      | Reached XP level 1. HP: 11/11 MP: 2/2
   153 | D:1      | Reached skill level 3 in Fighting
   153 | D:1      | Reached XP level 2. HP: 15/16 MP: 3/3
   527 | D:1      | Reached XP level 3. HP: 17/20 MP: 4/4
  1025 | D:2      | HP: 1/20 [poisoned by an adder]
  1026 | D:2      | Succumbed to an adder's poison

Vault maps used:
D:1:      onia_arrival_pentagram
D:2:      nicolae_dithmenos_through_a_glass_darkly, overflow_temple_1_default,
          first_bread, kennysheep_boxes

Skill      XL: |  1 |
---------------+----+-----
Maces & Flails | 2 |  2.8
Fighting       | 3 |  3.2
Armour         | |  2.4
Shields        | |  2.6

Action                   || total
-------------------------++-------
Melee: Flail             ||    87
       Bite              ||    13
Armor: Scale mail        ||    37
Dodge: Dodged            ||    34
Block: Shield            ||    51
